AA - U28
JACKSONVILLE JUMBO SHRIMP @ PENSACOLA BLUE WAHOOS
05/28/2052
 
TOP OF THE 1ST
Jacksonville Jumbo Shrimp batting - Pitching for Montgomery Biscuits : RHP Adam Carter
Pitching: RHP Adam Carter
Batting: RHB Ron Hirt 0-0: Ball
1-0: Called Strike
1-1: Ground out 4-3 (Groundball, 4M, EV 86.3 MPH)
Batting: LHB Bentley Sturgeon 0-0: Called Strike
0-1: Ball
1-1: SINGLE (Groundball, 4MD, EV 103.1 MPH)
Batting: LHB Hudson Nenno 0-0: Fly out, F1 (Popup, P, EV 81.9 MPH)
Batting: SHB Woody Boyd 0-0: Ball
1-0: Ball
2-0: Fly out, F7 (Flyball, 7D, EV 92.5 MPH)
Top of the 1st over - 0 runs, 1 hit, 0 errors, 1 left on base; Jacksonville 0 - Montgomery 0
BOTTOM OF THE 1ST
Montgomery Biscuits batting - Pitching for Jacksonville Jumbo Shrimp : RHP Hunter Holland
Pitching: RHP Hunter Holland
Batting: RHB Troy Youngblood 0-0: Foul Ball, location: 5F
0-1: Ground out 5-3 (Groundball, 5, EV 86.3 MPH)
Batting: LHB Mike Fisher 0-0: Called Strike
0-1: Ball
1-1: Called Strike
1-2: Ground out 6-3 (Groundball, 4MD, EV 94.4 MPH)
Batting: RHB Oliver Gamez 0-0: Ball
1-0: Ball
2-0: Swinging Strike
2-1: Swinging Strike
2-2: Strikes out swinging
Bottom of the 1st over - 0 runs, 0 hits, 0 errors, 0 left on base; Jacksonville 0 - Montgomery 0
TOP OF THE 2ND
Jacksonville Jumbo Shrimp batting - Pitching for Montgomery Biscuits : RHP Adam Carter
Batting: RHB Ghordy Paño 0-0: Swinging Strike
0-1: Called Strike
0-2: Fly out, F6 (Popup, 6MD, EV 56.3 MPH)
Batting: RHB Jackson Sims 0-0: Foul Ball, location: 2F
0-1: Fly out, F9 (Flyball, 9LMF, EV 84.4 MPH)
Batting: RHB Jacob Verchoux 0-0: Ball
1-0: Ball
2-0: Ball
3-0: Called Strike
3-1: Fly out, F8 (Flyball, 8RD, EV 78.1 MPH)
Top of the 2nd over - 0 runs, 0 hits, 0 errors, 0 left on base; Jacksonville 0 - Montgomery 0
BOTTOM OF THE 2ND
Montgomery Biscuits batting - Pitching for Jacksonville Jumbo Shrimp : RHP Hunter Holland
Batting: LHB Rayburn Jones 0-0: Ball
1-0: Ground out U3 (Groundball, 3, EV 81.9 MPH)
Batting: RHB Jason Kitagawa 0-0: Ball
1-0: Ball
2-0: Ball
3-0: Called Strike
3-1: Fly out, F8 (Flyball, 8LM, EV 85.0 MPH)
Batting: LHB Charles Chan 0-0: Ground out 4-3 (Groundball, 4, EV 86.9 MPH)
Bottom of the 2nd over - 0 runs, 0 hits, 0 errors, 0 left on base; Jacksonville 0 - Montgomery 0
TOP OF THE 3RD
Jacksonville Jumbo Shrimp batting - Pitching for Montgomery Biscuits : RHP Adam Carter
Pitching: LHP Kyzir Diaz
Batting: SHB Luca Huizar 0-0: Swinging Strike
0-1: Ball
1-1: Ball
2-1: Called Strike
2-2: Ground out 4-3 (Groundball, 6M, EV 79.4 MPH)
Batting: RHB Roddy Giliberto 0-0: Foul Ball, location: 2F
0-1: Ground out 4-3 (Groundball, 6MS, EV 68.8 MPH)
Batting: RHB Ron Hirt 0-0: Fly out, F7 (Line Drive, 7, EV 94.4 MPH)
Top of the 3rd over - 0 runs, 0 hits, 0 errors, 0 left on base; Jacksonville 0 - Montgomery 0
BOTTOM OF THE 3RD
Montgomery Biscuits batting - Pitching for Jacksonville Jumbo Shrimp : RHP Hunter Holland
Batting: RHB Jaxson Koci 0-0: Ball
1-0: Swinging Strike
1-1: DOUBLE (Flyball, 8LXD, EV 104.4 MPH)
Batting: SHB Joseph Kim 0-0: Called Strike
0-1: Ball
1-1: Bunt missed!
1-2: Fly out, F9 (Flyball, 9, EV 80.6 MPH)
Batting: RHB Ricardo Mateo 0-0: Called Strike
0-1: Swinging Strike
0-2: Strikes out looking
Batting: RHB Troy Youngblood 0-0: Ball
1-0: Called Strike
1-1: Foul Ball, location: 2F
1-2: Foul Ball, location: 5FF
1-2: Ball
2-2: Ball
3-2: Base on Balls
Batting: LHB Mike Fisher 0-0: Ball
1-0: Foul Ball, location: 7LSF
1-1: Fly out, F8 (Flyball, 8RS, EV 98.8 MPH)
Bottom of the 3rd over - 0 runs, 1 hit, 0 errors, 2 left on base; Jacksonville 0 - Montgomery 0
TOP OF THE 4TH
Jacksonville Jumbo Shrimp batting - Pitching for Montgomery Biscuits : LHP Kyzir Diaz
Batting: LHB Bentley Sturgeon 0-0: Ball
1-0: Foul Ball, location: 2F
1-1: Foul Ball, location: 7LMF
1-2: Ball
2-2: Ball
3-2: Foul Ball, location: 2F
3-2: Base on Balls
Batting: LHB Hudson Nenno 0-0: Ball
1-0: SINGLE (Flyball, 6D, EV 91.3 MPH)
Bentley Sturgeon to second
Batting: SHB Woody Boyd 0-0: Ball
1-0: Foul Ball, location: 2F
1-1: Called Strike
1-2: Ball
2-2: Strikes out swinging
Batting: RHB Ghordy Paño 0-0: Ball
1-0: Called Strike
1-1: Ball
2-1: Foul Ball, location: 2RF
2-2: Foul Ball, location: 2F
2-2: Foul Ball, location: 2F
2-2: Fly out, F7 (Flyball, 7, EV 81.3 MPH)
Batting: RHB Jackson Sims 0-0: Ball
1-0: SINGLE (Groundball, 34D, EV 103.8 MPH)
Bentley Sturgeon to third
Hudson Nenno to second
Runner from 3rd tries for Home, SAFE, throw by RF to home
Batting: RHB Jacob Verchoux 0-0: SINGLE (Groundball, 6MS, EV 68.1 MPH) (infield hit)
Hudson Nenno to third
Jackson Sims to second
Batting: SHB Luca Huizar 0-0: Fly out, F6 (Popup, 5D, EV 43.1 MPH)
Top of the 4th over - 1 run, 3 hits, 0 errors, 3 left on base; Jacksonville 1 - Montgomery 0
BOTTOM OF THE 4TH
Montgomery Biscuits batting - Pitching for Jacksonville Jumbo Shrimp : RHP Hunter Holland
Batting: RHB Oliver Gamez 0-0: Called Strike
0-1: Ball
1-1: Foul Ball, location: 9LMF
1-2: Strikes out swinging, 2-3 out at first.
Batting: LHB Rayburn Jones 0-0: Ball
1-0: Called Strike
1-1: Foul Ball, location: 7LSF
1-2: Foul Ball, location: 9LMF
1-2: Foul Ball, location: 7LDF
1-2: Ball
2-2: Ball
3-2: Strikes out swinging
Batting: RHB Jason Kitagawa 0-0: Fly out, F9 (Flyball, 9D, EV 110.0 MPH)
Bottom of the 4th over - 0 runs, 0 hits, 0 errors, 0 left on base; Jacksonville 1 - Montgomery 0
TOP OF THE 5TH
Jacksonville Jumbo Shrimp batting - Pitching for Montgomery Biscuits : LHP Kyzir Diaz
Batting: RHB Roddy Giliberto 0-0: Called Strike
0-1: Swinging Strike
0-2: Ball
1-2: Ball
2-2: Strikes out looking
Batting: RHB Ron Hirt 0-0: Called Strike
0-1: Ball
1-1: Ball
2-1: Ball
3-1: Called Strike
3-2: Base on Balls
Pitching: RHP Nicholas Senhaji
Batting: LHB Bentley Sturgeon 0-0: Ball
Ron Hirt is caught stealing 2nd base 2-6
1-0: Foul Ball, location: 2F
1-1: Ball
2-1: Ball
3-1: Base on Balls
Batting: LHB Hudson Nenno 0-0: Called Strike
Bentley Sturgeon steals 2nd base
0-1: TRIPLE (Line Drive, 89XD, EV 111.3 MPH)
Bentley Sturgeon scores
Batting: SHB Woody Boyd 0-0: Called Strike
0-1: Ground out 6-3 (Groundball, 6M, EV 83.1 MPH)
Top of the 5th over - 1 run, 1 hit, 0 errors, 1 left on base; Jacksonville 2 - Montgomery 0
BOTTOM OF THE 5TH
Montgomery Biscuits batting - Pitching for Jacksonville Jumbo Shrimp : RHP Hunter Holland
Batting: LHB Charles Chan 0-0: Ball
1-0: Swinging Strike
1-1: SOLO HOME RUN (Flyball, 7LD, EV 98.1 MPH), Distance : 341 ft
Batting: RHB Jaxson Koci 0-0: Called Strike
0-1: Called Strike
0-2: Strikes out swinging
Batting: SHB Joseph Kim 0-0: Swinging Strike
0-1: Called Strike
0-2: Strikes out swinging
Batting: RHB Ricardo Mateo 0-0: Called Strike
0-1: Swinging Strike
0-2: Ball
1-2: Ball
2-2: Foul Ball, location: 2F
2-2: Ground out 4-3 (Groundball, 4, EV 110.0 MPH)
Bottom of the 5th over - 1 run, 1 hit, 0 errors, 0 left on base; Jacksonville 2 - Montgomery 1
TOP OF THE 6TH
Jacksonville Jumbo Shrimp batting - Pitching for Montgomery Biscuits : RHP Nicholas Senhaji
Batting: RHB Ghordy Paño 0-0: Called Strike
0-1: SINGLE (Line Drive, 89S, EV 99.4 MPH)
Batting: RHB Jackson Sims 0-0: Ball
1-0: Foul Ball, location: 23F
1-1: Called Strike
Ghordy Paño steals 2nd base
1-2: SINGLE (Groundball, 6MD, EV 100.0 MPH)
Ghordy Paño to third
Runner from 3rd tries for Home, SAFE, throw by CF to home
Batting: RHB Jacob Verchoux 0-0: Ball
1-0: Ball
2-0: Called Strike
2-1: Ball
3-1: Base on Balls
Jackson Sims to second
Batting: SHB Luca Huizar 0-0: Ball
1-0: Ball
2-0: Called Strike
2-1: Called Strike
2-2: Foul Ball, location: 2F
2-2: Strikes out swinging
Batting: RHB Roddy Giliberto 0-0: Swinging Strike
0-1: Ball
1-1: Called Strike
1-2: Strikes out swinging
Pitching: RHP Juan Cortez
Batting: RHB Ron Hirt 0-0: Ball
1-0: Foul Ball, location: 2F
1-1: DOUBLE (Line Drive, 9LM, EV 106.3 MPH)
Jackson Sims scores
Jacob Verchoux to third
Runner from 3rd tries for Home, SAFE, no throw by RF
Batting: LHB Bentley Sturgeon 0-0: DOUBLE (Flyball, 78D, EV 110.6 MPH)
Ron Hirt scores
Batting: LHB Hudson Nenno 0-0: DOUBLE (Groundball, 3L, EV 97.5 MPH)
Bentley Sturgeon scores
Batting: SHB Woody Boyd 0-0: Ball
1-0: Ball
2-0: Foul Ball, location: 2F
2-1: Called Strike
2-2: Ground out 5-3 (Groundball, 5, EV 78.8 MPH)
Top of the 6th over - 5 runs, 5 hits, 0 errors, 1 left on base; Jacksonville 7 - Montgomery 1
BOTTOM OF THE 6TH
Montgomery Biscuits batting - Pitching for Jacksonville Jumbo Shrimp : RHP Hunter Holland
Batting: RHB Troy Youngblood 0-0: Ball
1-0: Swinging Strike
1-1: Foul Ball, location: 2F
1-2: Ball
2-2: Foul Ball, location: 2F
2-2: Ball
3-2: Strikes out swinging
Batting: LHB Mike Fisher 0-0: Ball
1-0: Fly out, F8 (Flyball, 8LM, EV 100.0 MPH)
Batting: RHB Oliver Gamez 0-0: Ball
1-0: Foul Ball, location: 9LMF
1-1: Ball
2-1: Foul Ball, location: 9LMF
2-2: SOLO HOME RUN (Flyball, 8LXD, EV 105.0 MPH), Distance : 414 ft
Pitching: RHP Leonard Wilson
Batting: LHB Rayburn Jones 0-0: SINGLE (Groundball, 6MD, EV 105.6 MPH)
Batting: RHB Jason Kitagawa 0-0: Called Strike
0-1: Ball
1-1: Ball
2-1: Fly out, F8 (Flyball, 8LM, EV 88.8 MPH)
Bottom of the 6th over - 1 run, 2 hits, 0 errors, 1 left on base; Jacksonville 7 - Montgomery 2
TOP OF THE 7TH
Jacksonville Jumbo Shrimp batting - Pitching for Montgomery Biscuits : RHP Juan Cortez
Batting: RHB Ghordy Paño 0-0: Ball
1-0: Swinging Strike
1-1: Swinging Strike
1-2: Foul Ball, location: 2F
1-2: Ball
2-2: Strikes out looking
Batting: RHB Jackson Sims 0-0: Ball
1-0: Foul Ball, location: 2LF
1-1: Foul Ball, location: 9LMF
1-2: Ball
2-2: Fly out, F7 (Line Drive, 78M, EV 91.9 MPH)
Batting: RHB Jacob Verchoux 0-0: Called Strike
0-1: Ball
1-1: Ground out 5-3 (Groundball, 5L, EV 101.3 MPH)
Top of the 7th over - 0 runs, 0 hits, 0 errors, 0 left on base; Jacksonville 7 - Montgomery 2
BOTTOM OF THE 7TH
Montgomery Biscuits batting - Pitching for Jacksonville Jumbo Shrimp : RHP Leonard Wilson
Batting: LHB Charles Chan 0-0: Ball
1-0: Ball
2-0: Foul Ball, location: 9LMF
2-1: Foul Ball, location: 2F
2-2: Ball
3-2: Fly out, F5 (Popup, 56, EV 76.3 MPH)
Batting: RHB Jaxson Koci 0-0: Called Strike
0-1: Swinging Strike
0-2: Ground out U3 (Groundball, 34, EV 104.4 MPH)
Batting: SHB Joseph Kim 0-0: Fly out, F8 (Line Drive, 8RM, EV 97.5 MPH)
Bottom of the 7th over - 0 runs, 0 hits, 0 errors, 0 left on base; Jacksonville 7 - Montgomery 2
TOP OF THE 8TH
Jacksonville Jumbo Shrimp batting - Pitching for Montgomery Biscuits : RHP Juan Cortez
Batting: SHB Luca Huizar 0-0: Fly out, F8 (Flyball, 8LD, EV 99.4 MPH)
Batting: RHB Roddy Giliberto 0-0: Ball
1-0: Foul Ball, location: 25FF
1-1: Called Strike
1-2: Ball
2-2: Ball
3-2: Base on Balls
Batting: RHB Ron Hirt 0-0: Called Strike
0-1: Foul Ball, location: 7LMF
0-2: Ball
1-2: Ball
2-2: Ball
3-2: Base on Balls
Roddy Giliberto to second
Batting: LHB Bentley Sturgeon 0-0: Ball
1-0: Foul Ball, location: 3F
1-1: Ball
2-1: DOUBLE (Line Drive, 89XD, EV 109.4 MPH)
Roddy Giliberto scores
Ron Hirt to third
Runner from 3rd tries for Home, SAFE, no throw by RF
Batting: LHB Hudson Nenno 0-0: Ball
1-0: Foul Ball, location: 7LMF
1-1: Foul Ball, location: 3F
1-2: Ball
2-2: Foul Ball, location: 2F
2-2: Foul Ball, location: 23FF
2-2: Ball
3-2: Foul Ball, location: 9LMF
3-2: Base on Balls
Pitching: RHP A.J. Mizutani
Batting: SHB Woody Boyd 0-0: Ball
1-0: Called Strike
1-1: Ball
2-1: Swinging Strike
2-2: Strikes out looking
Batting: RHB Ghordy Paño 0-0: Called Strike
0-1: SINGLE (Flyball, 56D, EV 85.6 MPH)
Bentley Sturgeon to third
Hudson Nenno to second
Runner from 3rd tries for Home, SAFE, throw by LF to home
Batting: RHB Jackson Sims 0-0: Called Strike
0-1: Ball
1-1: Swinging Strike
1-2: Ball
2-2: Fielders Choice at 2nd, 6-4 (Groundball, 6, EV 86.9 MPH)
Top of the 8th over - 3 runs, 2 hits, 0 errors, 2 left on base; Jacksonville 10 - Montgomery 2
BOTTOM OF THE 8TH
Montgomery Biscuits batting - Pitching for Jacksonville Jumbo Shrimp : RHP Leonard Wilson
Batting: RHB Ricardo Mateo 0-0: Ball
1-0: Ground out 5-3 (Groundball, 56, EV 102.5 MPH)
Batting: RHB Troy Youngblood 0-0: Ball
1-0: Swinging Strike
1-1: Ball
2-1: Ball
3-1: Base on Balls
Batting: LHB Mike Fisher 0-0: Ball
1-0: Ball
2-0: Grounds into double play, 4-6-3 (Groundball, 4MD, EV 103.8 MPH)
Bottom of the 8th over - 0 runs, 0 hits, 0 errors, 0 left on base; Jacksonville 10 - Montgomery 2
TOP OF THE 9TH
Jacksonville Jumbo Shrimp batting - Pitching for Montgomery Biscuits : RHP A.J. Mizutani
Batting: RHB Jacob Verchoux 0-0: Ground out 5-3 (Groundball, 5S, EV 80.0 MPH)
Batting: SHB Luca Huizar 0-0: Called Strike
0-1: SINGLE (Groundball, 6MD, EV 98.8 MPH)
Batting: RHB Roddy Giliberto 0-0: Called Strike
0-1: Ball
1-1: Ball
2-1: Grounds into double play, 6-4-3 (Groundball, 56, EV 102.5 MPH)
Top of the 9th over - 0 runs, 1 hit, 0 errors, 0 left on base; Jacksonville 10 - Montgomery 2
BOTTOM OF THE 9TH
Montgomery Biscuits batting - Pitching for Jacksonville Jumbo Shrimp : RHP Leonard Wilson
Batting: RHB Oliver Gamez 0-0: Foul Ball, location: 2F
0-1: Ball
1-1: Called Strike
1-2: Ball
2-2: Ball
3-2: Ground out 5-3 (Groundball, 56S, EV 83.1 MPH)
Batting: LHB Rayburn Jones 0-0: Ball
1-0: Ball
2-0: Foul Ball, location: 23F
2-1: Called Strike
2-2: SINGLE (Line Drive, 7LM, EV 103.1 MPH)
Batting: RHB Jason Kitagawa 0-0: Swinging Strike
0-1: Ball
1-1: Swinging Strike
1-2: Ball
2-2: Ball
3-2: Strikes out swinging
Batting: LHB Charles Chan 0-0: Ball
1-0: Called Strike
1-1: Called Strike
1-2: Foul Ball, location: 9LSF
1-2: Ground out 4-3 (Groundball, 4M, EV 104.4 MPH)
Bottom of the 9th over - 0 runs, 1 hit, 0 errors, 1 left on base; Jacksonville 10 - Montgomery 2
Tuesday, April 23rd , 2024 - OOTP Baseball 24.11 Build 85